 Dungeon Crawl Stone Soup version 0.31.0-11-ge490571c62 (webtiles) character file.

Game seed: 4151025163516053242

27 Skitler the Poker (level 2, 0/23 HPs)
             Began as a Demonspawn Gladiator on Jan 30, 2024.
             Slain by an orc
             ... wielding a +0 whip
              (2 damage)
             ... on level 2 of the Dungeon.
             The game lasted 00:02:20 (1540 turns).

Skitler the Poker (Demonspawn Gladiator)            Turns: 1540, Time: 00:02:22

Health: 0/23       AC:  7    Str: 14    XL:     2   Next: 93%
Magic:  2/2        EV: 10    Int:  8    God:
Gold:   205        SH:  0    Dex: 14    Spells: 1/1 levels left

rFire   . . .        a - +0 trident
rCold   . . .        (no shield)
rNeg    . . .        m - +0 scale mail
rPois   .            c - +0 helmet
rElec   .            (no cloak)
rCorr   .            (no gloves)
SInv    .            (no boots)
Will    .....        (no amulet) Stlth
                     (no ring)
HPRegen 0.23/turn    (no ring)
MPRegen 0.16/turn

%: no passive effects
@: no status effects
A: magic regeneration
a: no special abilities


You were on level 2 of the Dungeon.
You visited 1 branch of the dungeon, and saw 3 of its levels.

You collected 205 gold pieces.

Inventory:

Hand Weapons
 a - a +0 trident (weapon)
Missiles
 d - a throwing net (quivered)
 e - a javelin
Armour
 b - a +0 leather armour
 c - a +0 helmet (worn)
 m - a +0 scale mail (worn)
 o - a +0 plate armour
Scrolls
 f - 2 scrolls of enchant weapon {unknown}
 j - 2 scrolls of fog {unknown}
 k - a scroll of immolation {unknown}
 l - 2 scrolls of fear {unknown}
 n - a scroll of identify {unknown}
Potions
 g - a potion of curing
 h - a potion of heal wounds {unknown}
 i - 2 potions of haste {unknown}


   Skills:
 * Level 2.3 Fighting
 * Level 3.3 Polearms
 - Level 1.7 Throwing
 + Level 2.9 Dodging
 + Level 0.4 Stealth


You had one spell level left.
You didn't know any spells.
Your spell library was empty.

Dungeon Overview and Level Annotations

Branches:
Dungeon (3/15)

Altars:


Innate Abilities, Weirdness & Mutations

You regenerate magic rapidly.


Message History

The orc priest mumbles some strange prayers to Beogh against you.
Pain shoots through your body!
* * * LOW HITPOINT WARNING * * *
The orc hits you but does no damage. x2
The orc priest hits you but does no damage.
You hit the orc priest but do no damage.
The orc priest is severely wounded.
The orc closely misses you.
The orc priest hits you but does no damage.
The orc hits you but does no damage.
Throw: 3 throwing nets
Press: ? - help, Q - select action, (/) - cycle Shift-Dir - straight line, f/p - orc priest
Aim: an orc priest, wielding a +0 hand axe and wearing a +0 scale mail (severely wounded, 60% to hit)
You throw a throwing net. The throwing net hits the orc priest.
The orc priest is caught in the net!
The orc priest is severely wounded.
The orc priest struggles against the net.
The orc barely misses you. x2
There is a stone staircase leading up here.
The orc hits you but does no damage.
You climb upwards.
There is a stone staircase leading down here.
Throw: 2 throwing nets
Press: ? - help, Q - select action, (/) - cycle Shift-Dir - straight line, f - orc
Aim: an orc, wielding a +0 club (56% to hit)
Okay, then.
You hit the orc.
The orc is lightly wounded.
The orc barely misses you. The orc hits you but does no damage.
You closely miss the orc.
The orc is lightly wounded.
The orc hits you with a +0 club.
* * * LOW HITPOINT WARNING * * *
The orc hits you but does no damage.
Throw: 2 throwing nets
Press: ? - help, Q - select action, (/) - cycle Shift-Dir - straight line, f - orc
Aim: an orc, wielding a +0 club (lightly wounded, 56% to hit)
You throw a throwing net. The throwing net barely misses the orc.
The orc hits you but does no damage. The orc hits you with a +0 whip.
You die...

###.#...........'.'...........##.
....#...........###...........##(
....##.....#'######...........##.
....##...###..................##.
....##...# ##.................##.
.....#...# #.................###
.....#...# #..................##
.....#...## #...o...########.....
.....#....###(.o@###### #.....
.....#....##....###...# ####.....
.....#....##....# #...# #........
..........#.<...# #...# #........
................# #...# #........
.........##.....# #...# #........
................# #...# #........
.....#######....# #...# #........
....<...#.......###...###########


You could see 2 orcs.

Vanquished Creatures
  A dart slug (D:1)
  3 endoplasms
  A giant cockroach (D:1)
  2 hobgoblins
  3 kobolds (D:1)
  2 quokkas
  4 ball pythons
  A bat (D:1)
  2 frilled lizards
  A goblin (D:1)
  4 rats
24 creatures vanquished.

Notes
Turn   | Place    | Note
-------+----------+-------------------------------------------
     0 | D:1      | Skitler the Demonspawn Gladiator began the quest for the
                  | Orb.
     0 | D:1      | Reached XP level 1. HP: 16/16 MP: 1/1
   309 | D:1      | Reached skill level 3 in Polearms
   338 | D:1      | Gained mutation: You regenerate magic rapidly. [demonic
                  | ancestry]
   338 | D:1      | Reached XP level 2. HP: 22/22 MP: 2/2
  1540 | D:2      | Slain by an orc

Illustrated notes

Levels and vault maps discovered:
D:1:      arrival_zaba_pyramid, layout_loops_ring, minmay_crystal_room,
          palyth_stone_intersect
D:2:      layout_basic, basic_altar
D:3:      layout_basic, uniq_robin

Skill      XL: |  1 |
---------------+----+-----
Polearms       | 3 |  3.3
Fighting       | |  2.3
Throwing       | |  1.7
Dodging        | |  2.9
Stealth        | |  0.4

Action                     || total
---------------------------++-------
  Melee: Trident           ||    73
         Punch             ||     2
  Throw: Throwing net      ||     2
    Use: Potion            ||     1
   Stab: Sleeping          ||     5
 Armour: Leather armour    ||    17
         Scale mail        ||    18
  Dodge: Dodged            ||    35
